 Dungeon Crawl Stone Soup version 0.28.0-43-g3370ac3207 (webtiles) character file.

Game seed: 3926157316687058355

4 cheechan the Digger (level 1, 11/11 HPs)
             Began as an Octopode Earth Elementalist on Feb 16, 2022.
             Quit the game on level 1 of the Dungeon on Mar 29, 2022.
             The game lasted 00:01:46 (57 turns).

cheechan the Digger (Octopode Earth Elementalist)     Turns: 57, Time: 00:01:47

Health: 11/11      AC:  1    Str:  7    XL:     1   Next: 60%
Magic:  2/3        EV: 13    Int: 17    God:
Gold:   0          SH:  0    Dex: 12    Spells: 3/4 levels left

rFire   . . .      SeeInvis .   a - +0 morningstar
rCold   . . .      Faith    .   (no shield)
rNeg    . . .      Spirit   .   (helmet restricted)
rPois   .          Reflect  .   (no amulet)
rElec   .          Harm     .   (no ring)
rCorr   .          Rampage  .   (no ring)
Will    .....                   (no ring)
Stlth   +++.......              (no ring)
HPRegen 0.03/turn               (no ring)
MPRegen 0.08/turn               (no ring)
                                (no ring)
                                (no ring)

@: no status effects
A: almost no armour, amphibious, 8 rings, camouflage 1, gelatinous body 1,
(nimble swimmer 1), tentacles
a: no special abilities


You were on level 1 of the Dungeon.
You visited 1 branch of the dungeon, and saw 1 of its levels.

Inventory:

Hand Weapons
 a - a +0 morningstar (weapon)
Missiles
 b - 27 stones


   Skills:
 + Level 2.0 Dodging
 + Level 2.6 Stealth
 + Level 2.0 Spellcasting
 + Level 1.1 Transmutations
 + Level 3.2 Earth Magic


You had 3 spell levels left.
You knew the following spells:

 Your Spells              Type           Power      Damage    Failure   Level
a - Sandblast             Erth           24%        2d8       4%          1

Your spell library contained the following spells:

 Spells                   Type           Power      Damage    Failure   Level
 Passwall                 Tmut/Erth      7%         N/A       12%         2
 Stone Arrow              Conj/Erth      14%        3d7       30%         3
 Petrify                  Tmut/Erth      9%         N/A       61%         4


Dungeon Overview and Level Annotations

Branches:
Dungeon (1/15)

Altars:


Innate Abilities, Weirdness & Mutations

You cannot wear most types of armour.
You are amphibious.
You can wear up to eight rings at the same time.
Your skin changes colour to match your surroundings (Stealth+).
Your rubbery body absorbs attacks. (AC +1, EV +1)
((You are camouflaged when in or above water. (Stealth+)))
You have tentacles for arms and can constrict up to eight enemies at once.


Message History

a - a +0 morningstar (weapon)
Welcome back, cheechan the Octopode Earth Elementalist.
Press ? for a list of commands and other information.
A ball python comes into view.
Casting: Sandblast (safe; 5% risk of failure)
Confirm with . or Enter, or press ? or * to list all spells.
Aiming: Sandblast (safe; 5% risk of failure)
Press: ? - help, Shift-Dir - straight line, f - ball python
Aim: a ball python (asleep, 100% to hit)
The blast of sand hits the ball python!
You kill the ball python!
You hear a shout!
A kobold comes into view. It is wielding a +0 short sword.
Casting: Sandblast (safe; 5% risk of failure)
Confirm with . or Enter, or press ? or * to list all spells.
Aiming: Sandblast (safe; 5% risk of failure)
Press: ? - help, Shift-Dir - straight line, f - kobold
Aim: a kobold, wielding a +0 short sword (74% to hit)
The blast of sand misses the kobold.
Casting: Sandblast (safe; 5% risk of failure)
Confirm with . or Enter, or press ? or * to list all spells.
Aiming: Sandblast (safe; 5% risk of failure)
Press: ? - help, Shift-Dir - straight line, f/p - kobold
Aim: a kobold, wielding a +0 short sword (74% to hit)
The blast of sand hits the kobold.
You kill the kobold!
Unknown command.
Things that are here:
a +0 short sword; a kobold corpse
Things that are here:
a +0 short sword; a kobold corpse A dart slug comes into view.
You sock the dart slug!
You kill the dart slug!
Found a dagger.
Welcome back, cheechan the Octopode Earth Elementalist.
Press ? for a list of commands and other information.
Welcome back, cheechan the Octopode Earth Elementalist.
Press ? for a list of commands and other information.
Are you sure you want to abandon this character and quit the game? (Confirm with "yes".)

###############
#.............#
#.###########.#
#.####...# #.# #
#.#...# #.###.####
#.#.....# #..)......
#.@....# #.†##.##.#
#.#........#.##.##.#
##.#....#.##.##.##.#
.# #.)##.##.##.##.#
## #### .........
.....##.. #.######.
#> #.


There were no monsters in sight!

Vanquished Creatures
  A dart slug (D:1)
  A ball python (D:1)
  A kobold (D:1)
3 creatures vanquished.

Notes
Turn   | Place    | Note
-------+----------+-------------------------------------------
     0 | D:1      | cheechan the Octopode Earth Elementalist began the quest
                  | for the Orb.
     0 | D:1      | Reached XP level 1. HP: 11/11 MP: 3/3
    57 | D:1      | Upgraded the game from 0.28.0 to 0.28.0-43-g3370ac3207
    57 | D:1      | Quit the game

Illustrated notes

Levels and vault maps discovered:
D:1:      scummos_arrival_forest, layout_loops_ring, grunt_decor_cap

Action                   || total
-------------------------++-------
Melee: Morningstar       ||     1
 Cast: Sandblast         ||     3
